 Dungeon Crawl Stone Soup version 0.21-a0-400-g417d9d2 (webtiles) character file.

85 slep the Covered (level 4, -7/35 HPs)
             Began as a Demonspawn Fighter on Oct 21, 2017.
             Mangled by Sigmund
             ... wielding a +1 scythe of venom
              (10 damage)
             ... on level 2 of the Dungeon.
             The game lasted 00:12:19 (1651 turns).

slep the Covered (Demonspawn Fighter)               Turns: 1651, Time: 00:12:20

Health: -7/35      AC:  6    Str: 19 (21) XL:     4   Next: 25%
Magic:  0/4        EV:  7    Int:  7 (9)  God:
Gold:   75         SH:  0    Dex: 11 (14) Spells: 3/3 levels left

rFire    . . .     SeeInvis .   a - +0 long sword
rCold    . . .     Gourm    .   c - +0 shield
rNeg     . . .     Faith    .   b - +0 scale mail
rPois    .         Spirit   +   (helmet restricted)
rElec    .         Reflect  .   (no cloak)
rCorr    .         Harm     .   (no gloves)
MR       .....                  (no boots)
Stlth    ..........             (no amulet)
HPRegen  0.11/turn              (no ring)
MPRegen  0.09/turn              (no ring)

@: confused, mighty
A: horns 1, magic shield
a: no special abilities


You were on level 2 of the Dungeon.
You were not hungry.

You visited 1 branch of the dungeon, and saw 2 of its levels.

You collected 75 gold pieces.

Inventory:

Hand Weapons
 a - a +0 long sword (weapon)
Missiles
 k - 4 tomahawks (quivered)
Armour
 b - a +0 scale mail (worn)
 c - a +0 shield (worn)
 j - a +1 helmet
Jewellery
 p - a +3 ring of evasion {unknown}
Scrolls
 g - a scroll of remove curse {unknown}
 n - 2 scrolls of identify {unknown}
 o - a scroll of enchant weapon {unknown}
Comestibles
 f - 4 bread rations
 h - a chunk of flesh
 l - a meat ration


   Skills:
 + Level 3.3 Fighting
 + Level 2.9 Long Blades
 + Level 3.3 Armour
 + Level 3.1 Shields


You had 3 spell levels left.
You didn't know any spells.

Dungeon Overview and Level Annotations

Branches:
Dungeon (2/15)

Altars:

Annotations:
D:2 Sigmund


Innate Abilities, Weirdness & Mutations

You have a pair of small horns on your head.
When hurt, damage is shared between your health and your magic reserves.


Message History

You feel very mighty all of a sudden. Sigmund gestures at you while chanting.
You resist with some effort.
You slash Sigmund! Your headbutt misses Sigmund.
Sigmund is heavily wounded.
Sigmund points at you and mumbles some strange words.
The magic dart hits you!
* * * LOW HITPOINT WARNING * * *
Sigmund points at you and mumbles some strange words.
You are confused.
Sigmund closely misses you.
You're too confused to move!
Sigmund hits you from afar with a scythe of venom.
* * * LOW HITPOINT WARNING * * *
You bump into the rock wall.
Sigmund mumbles some strange words.
Sigmund flickers and vanishes!
Deactivating autopickup; reactivate with Ctrl-A.
You bump into the rock wall.
Something hits you!
You die...

#########
###....... #
.......##.#
#........#
#..{..##.## #####
#@......... ...#
#........#######.#
#........# #.....)
###.###### #.###.#
#.# #.# #.# ##'##
#.###.# ##...##
#.....# ##.....##
#.#####
##.......## #..##
#


There were no monsters in sight!

Vanquished Creatures
  Robin (D:2)
  2 adders (D:2)
  A dart slug (D:1)
  2 leopard geckos
  2 ball pythons
  3 bats
  5 giant cockroaches
  9 goblins (D:2)
  9 hobgoblins
  2 jackals (D:1)
  A quokka (D:2)
  4 kobolds
  4 rats
  A fungus (D:1)
46 creatures vanquished.

Notes
Turn   | Place    | Note
-------+----------+-------------------------------------------
     0 | D:1      | slep the Demonspawn Fighter began the quest for the Orb.
     0 | D:1      | Reached XP level 1. HP: 18/18 MP: 1/1
   469 | D:1      | Gained mutation: You have a pair of small horns on your head. [demonic ancestry]
   469 | D:1      | Reached XP level 2. HP: 21/24 MP: 2/2
  1012 | D:2      | Noticed Robin
  1027 | D:2      | Reached XP level 3. HP: 25/29 MP: 3/3
  1034 | D:2      | Killed Robin
  1224 | D:2      | Gained mutation: When hurt, damage is shared between your health and your magic reserves. [demonic ancestry]
  1224 | D:2      | Reached XP level 4. HP: 19/35 MP: 4/4
  1641 | D:2      | Noticed Sigmund
  1651 | D:2      | Mangled by Sigmund

Vault maps used:
D:1:      dpeg_cavernosity
D:2:      serial_glass, glass_columns_b, glass_columns_a,
          minmay_strange_pillars, item_on_display_a, kennysheep_generic_room_2,
          uniq_robin, uniq_sigmund

Skill      XL: |  1  2 |
---------------+-------+-----
Long Blades    | 2 |  2.9
Armour         | 3 |  3.3
Shields        | 3 |  3.1
Fighting       | |  3.3

Action                   |  1- 3 |  4- 6 || total
-------------------------+-------+-------++-------
Melee: Long sword        |   126 |    28 ||   154
       Headbutt          |    15 |     2 ||    17
  Use: Potion            |       |     5 ||     5
  Eat: Chunk             |     1 |     2 ||     3
Armor: Scale mail        |    63 |     9 ||    72
Dodge: Dodged            |    28 |     9 ||    37
Block: Shield            |    57 |    13 ||    70
       Rpst.: Long sword |     5 |     3 ||     8

Table legend:
 A = Spawn XP
 B = Non-spawn XP
 C = Spawn XP percentage of total XP
 D = Spawn monster count
 E = Non-spawn monster count
 F = Spawn count percentage of total count
 G = Total turns spent on level
                    A         B        C        D         E        F      G
               +---------+---------+-------+---------+---------+-------+---------
         Total |       0 |     122 |   0.0 |       0 |      45 |   0.0 |  1651
               +---------+---------+-------+---------+---------+-------+---------
           D:1 |       0 |      32 |   0.0 |       0 |      17 |   0.0 |   918
           D:2 |       0 |      90 |   0.0 |       0 |      28 |   0.0 |   733
               +---------+---------+-------+---------+---------+-------+---------
